 Dungeon Crawl Stone Soup version 0.30-a0-691-g754fce4c43 (webtiles) character file.

Game seed: 14398475424022265417

4756 wormed the Placeless Octopus (level 10, -15/65 HPs)
             Began as an Octopode Warper on Jan 19, 2023.
             Was an Initiate of Gozag.
             Demolished by a shadow (32 damage)
             ... on level 10 of the Dungeon.
             The game lasted 00:30:09 (12628 turns).

wormed the Placeless Octopus (Octopode Warper)     Turns: 12628, Time: 00:30:10

Health: -15/65     AC:  5    Str: 18    XL:     10   Next: 46%
Magic:  15/16      EV: 14    Int: 24    God:    Gozag
Gold:   534        SH:  0    Dex: 12    Spells: 2/17 levels left

rFire   . . .      SeeInvis .      - Unarmed
rCold   . . .      Faith    .    (no shield)
rNeg    + . .      Spirit   .    (helmet restricted)
rPois   +          Reflect  .    (no amulet)
rElec   .          Harm     .    f - +6 ring of strength
rCorr   .          Rampage  .    j - +4 ring of protection
Will    .....                    d - +6 ring of intelligence
Stlth   ++                       u - ring of positive energy
HPRegen 0.30/turn                F - ring of poison resistance
MPRegen 0.15/turn                (no ring)
                                 (no ring)
                                 (no ring)

@: no status effects
A: almost no armour, amphibious, 8 rings, camouflage 1, gelatinous body 1,
(nimble swimmer 1), tentacles
a: Renounce Religion, Potion Petition, Call Merchant, Bribe Branch


You were on level 10 of the Dungeon.
You worshipped Gozag.
Gozag was pleased with you.
You visited 2 branches of the dungeon, and saw 11 of its levels.
You also visited: Sewer.

You collected 796 gold pieces.
You spent 130 gold pieces at shops.
You paid 132 gold pieces to Gozag.

Inventory:

Missiles
 b - 7 boomerangs of dispersal
 k - 4 boomerangs
 y - 9 poisoned darts
 A - 4 curare-tipped darts
Jewellery
 d - a +6 ring of intelligence (on tentacle)
 f - a +6 ring of strength (left tentacle)
 j - a +4 ring of protection (right tentacle)
 u - a ring of positive energy (on tentacle)
 F - a ring of poison resistance (on tentacle)
Wands
 l - a wand of digging (7)
 w - a wand of mindburst (10)
 z - a wand of flame (25)
 C - a wand of light (11) (quivered)
 D - a wand of paralysis (7)
Scrolls
 e - 4 scrolls of teleportation
 g - 3 scrolls of silence
 q - 2 scrolls of amnesia
 s - 2 scrolls of magic mapping
 v - 2 scrolls of enchant armour
 B - a scroll of fog
 E - 2 scrolls of poison
Potions
 c - a potion of cancellation
 h - 3 potions of berserk rage
 i - 3 potions of attraction
 m - 5 potions of curing
 n - 3 potions of flight
 o - 3 potions of haste
 p - 3 potions of mutation
 r - 2 potions of might
 t - 4 potions of lignification
 x - a potion of heal wounds {unknown}


   Skills:
 - Level 4.9 Fighting
 - Level 1.0 Throwing
 - Level 5.1 Dodging
 - Level 4.9 Unarmed Combat
 + Level 4.0 Spellcasting
 - Level 8.0 Translocations
 * Level 6.3 Transmutations
 - Level 3.5 Air Magic
 * Level 6.2 Earth Magic


You had 2 spell levels left.
You knew the following spells:

 Your Spells              Type           Power      Damage    Failure   Level
a - Vhi's Electric Charg  Tloc/Air       64%        N/A       2%          3
b - Manifold Assault      Tloc           43%        N/A       3%          4
c - Petrify               Tmut/Erth      34%        N/A       8%          4
d - Passwall              Tmut/Erth      28%        N/A       1%          2
k - Blink                 Tloc           86%        N/A       1%          2

Your spell library contained the following spells:

 Spells                   Type           Power      Damage    Failure   Level
 Lesser Beckoning         Tloc           86%        N/A       1%          2
 Sting                    Tmut/Pois      76%        1d6       2%          1
 Poisonous Vapours        Pois/Air       26%        N/A       7%          2
 Ensorcelled Hibernation  Hex/Ice        8%         N/A       14%         2
 Teleport Other           Tloc           43%        N/A       1%          3
 Swiftness                Air            21%        N/A       7%          3
 Olgreb's Toxic Radiance  Pois           4%         N/A       67%         4
 Statue Form              Tmut/Erth      22%        N/A       75%         6
 Metabolic Englaciation   Hex/Ice        2%         N/A       95%         5


Dungeon Overview and Level Annotations

Branches:
Dungeon (10/15)            Temple (1/1) D:7            Lair (0/5) D:9
  Sewer (visited)
    Orc: D:9-12

Altars:
Ashenzari
Cheibriados
Dithmenos
Elyvilon
Fedhas
Gozag
Hepliaklqana
Kikubaaqudgha
Makhleb
Okawaru
Ru
Sif Muna
Trog
Uskayaw
Vehumet
Wu Jian
Xom
Yredelemnul
The Shining One

Shops:
D:1 *

Annotations:
D:2 1 runed translucent door, Crazy Yiuf
D:3 3 runed translucent doors, bande's ghost, amateur GrFi
D:7 Dowan; Duvessa


Innate Abilities, Weirdness & Mutations

You cannot wear most types of armour.
You are amphibious.
You can wear up to eight rings at the same time.
Your skin changes colour to match your surroundings (Stealth+).
Your rubbery body absorbs attacks. (AC +1, EV +1)
((You are camouflaged when in or above water. (Stealth+)))
You have tentacles for arms and can constrict up to eight enemies at once.


Message History

You completely miss the shadow.
The shadow is lightly damaged.
The shadow barely misses you.
You completely miss the shadow. You squeeze the shadow!
The shadow is moderately damaged.
The shadow barely misses you.
You tentacle-slap the shadow but do no damage.
Your squeeze misses the shadow.
The shadow is moderately damaged.
The shadow slips into darkness.
The shadow flickers and vanishes!
Deactivating autopickup; reactivate with Ctrl-A.
You tentacle-slap something but do no damage.
The shadow strikes at you from the darkness!
Reactivating autopickup.
You tentacle-slap the shadow.
The shadow is moderately damaged.
The shadow hits you!
Aiming: Paralyse
Press: ? - help, Q - select action, (/) - cycle Shift-Dir - straight line, f/p - shadow
Aim: a shadow (moderately damaged, chance to affect: 31%)
The shadow easily resists.
The shadow slips into darkness.
The shadow flickers and vanishes!
Deactivating autopickup; reactivate with Ctrl-A.
Aiming: Bolt of Light
Press: ? - help, Q - select action, (/) - cycle Shift-Dir - straight line The shadow strikes at you from the darkness!
* * * LOW HITPOINT WARNING * * *
Reactivating autopickup.
Blink to where?
Press: ? - help, Dir - move target
As you read the scroll of blinking, it crumbles to dust.
The shadow slips into darkness.
The shadow flickers and vanishes!
Deactivating autopickup; reactivate with Ctrl-A.
There is a stone staircase leading up here.
The shadow strikes at you from the darkness!
You die...
Your body crumbles into a pile of gold.

$
###########
#........@#
#.#########
#ยง##....#
#.##....#
#..'....+
####....#
.....# $
......#
$.........


There were no monsters in sight!

Vanquished Creatures
  Pikel (D:8)
  Maurice (D:8)
  A troll (D:9)
  Prince Ribbit (D:6)
  A wyvern (D:8)
  Eustachio (D:4)
  A steam dragon (D:8)
  Menkaure (D:4)
  2 water moccasins (D:8)
  An ice beast (D:5)
  4 orc warriors
  2 sky beasts
  A black bear (D:7)
  An ogre (D:6)
  4 centaurs
  3 lemures (D:8)
  A kobold brigand (D:6)
  4 bullfrogs
  3 necrophages
  A gnoll sergeant (D:9)
  2 scorpions (D:6)
  4 killer bees
  A howler monkey (D:5)
  3 hounds
  4 orc priests
  4 iguanas
  7 orc wizards
  9 gnolls
  7 adders
  A shadow imp (D:7)
  A white imp (D:5)
  An ufetubus (D:5)
  2 worms
  3 dart slugs
  10 orcs
  7 ball pythons
  5 endoplasms
  7 giant cockroaches
  7 goblins
  13 hobgoblins
  8 jackals
  2 quokkas (Sewer)
  8 bats
  12 frilled lizards
  8 kobolds
  8 rats
179 creatures vanquished.

Vanquished Creatures (others)
  A gnoll bouda (D:6)
  An orc wizard (D:6)
  A gnoll (D:6)
  A shadow imp (D:6)
  3 orcs (D:6)
  A fungus (D:2)
8 creatures vanquished.

Grand Total: 187 creatures vanquished

Notes
Turn   | Place    | Note
-------+----------+-------------------------------------------
     0 | D:1      | wormed the Octopode Warper began the quest for the Orb.
     0 | D:1      | Reached XP level 1. HP: 14/14 MP: 3/3
   166 | D:1      | Reached XP level 2. HP: 18/19 MP: 5/5
   178 | D:1      | Learned a level 2 spell: Blink
   278 | D:1      | Found Gohuih's General Store.
   286 | D:1      | Bought a scroll of identify for 20 gold pieces
   449 | D:1      | Found a faded altar of an unknown god.
   571 | D:1      | Reached XP level 3. HP: 19/25 MP: 6/6
   847 | D:2      | Found a runed translucent door.
   848 | D:2      | Noticed Crazy Yiuf
  1235 | D:2      | Reached XP level 4. HP: 18/30 MP: 7/7
  2503 | D:3      | Reached XP level 5. HP: 19/36 MP: 9/9
  2785 | D:3      | Found a runed translucent gate.
  2787 | D:3      | Found a runed translucent gate.
  2787 | D:3      | Found a runed translucent gate.
  2790 | D:3      | Noticed bande's ghost (amateur GrFi)
  3498 | D:4      | Found a blossoming altar of Fedhas.
  3522 | D:4      | Noticed Eustachio
  3642 | D:4      | Reached XP level 6. HP: 40/42 MP: 10/10
  3699 | D:4      | Noticed Menkaure
  3705 | D:4      | Killed Menkaure
  4048 | D:4      | Killed Eustachio
  4049 | D:4      | Reached XP level 7. HP: 10/48 MP: 12/12
  4491 | D:5      | Entered Level 5 of the Dungeon
  4606 | D:5      | Learned a level 4 spell: Manifold Assault
  4610 | D:5      | Learned a level 3 spell: Vhi's Electric Charge
  4673 | D:5      | Identified the +5 ring mail of the Equator {rF+}
  4887 | D:5      | Reached skill level 4 in Translocations
  4981 | D:5      | Reached skill level 5 in Translocations
  4981 | D:5      | Reached XP level 8. HP: 28/54 MP: 10/14
  5275 | D:5      | Reached skill level 6 in Translocations
  5721 | D:1      | Bought a potion of berserk rage for 50 gold pieces
  5721 | D:1      | Bought a potion of lignification for 30 gold pieces
  5721 | D:1      | Bought a scroll of teleportation for 30 gold pieces
  6323 | D:6      | Reached skill level 7 in Translocations
  6419 | D:6      | Found a glowing drain.
  6436 | Sewer    | Entered a sewer
  7023 | D:6      | Reached skill level 1 in Air Magic
  7873 | D:6      | Reached skill level 8 in Translocations
  8033 | D:6      | Noticed Prince Ribbit
  8038 | D:6      | Killed Prince Ribbit
  8039 | D:6      | Reached XP level 9. HP: 59/59 MP: 11/15
  8379 | D:6      | Reached skill level 5 in Dodging
  8606 | D:7      | Identified the +4 flail "Tuplidil" {protect, rN+ Str+3}
  9050 | D:7      | Found a staircase to the Ecumenical Temple.
  9056 | Temple   | Entered the Ecumenical Temple
  9232 | Temple   | Became a worshipper of Gozag Ym Sagoz the Greedy
  9373 | D:7      | Noticed Duvessa
  9373 | D:7      | Noticed Dowan
  9513 | D:8      | Noticed Maurice
  9537 | D:8      | Reached skill level 1 in Transmutations
  9537 | D:8      | Reached skill level 1 in Earth Magic
  9708 | D:8      | Noticed Pikel
 10169 | D:8      | Killed Pikel
 10254 | D:8      | Learned a level 4 spell: Petrify
 10257 | D:8      | Learned a level 2 spell: Passwall
 10671 | D:8      | Reached XP level 10. HP: 65/65 MP: 16/16
 11000 | D:8      | Killed Maurice
 11001 | D:8      | Reached skill level 5 in Transmutations
 11001 | D:8      | Reached skill level 5 in Earth Magic
 11633 | D:9      | Found a staircase to the Lair.
 12550 | D:9      | Identified the +4 great sword "Kuram" {freeze, Fly Str+5}
 12583 | D:10     | Entered Level 10 of the Dungeon
 12628 | D:10     | Demolished by a shadow

Illustrated notes

Levels and vault maps discovered:
D:1:      dpeg_arrival_oval, layout_loops_ring, serial_shops, shop,
          basic_ecumenical_altar
D:2:      layout_basic, uniq_crazy_yiuf_cottage
D:3:      layout_loops_ring, serial_aquarium, aquarium_bridge_straight
          [aquarium_subvault_bridge, aquarium_subvault_balcony,
          aquarium_subvault_bridge, aquarium_subvault_window],
          aquarium_window_2, aquarium_window_fake, aquarium_window_corridor_1,
          aquarium_view_2d, aquarium_view_2c, aquarium_balcony_3b,
          aquarium_pool_corner, ebering_ghost_rock_garden
D:4:      layout_basic, amcnicky_altar_gilded, uniq_menkaure, uniq_eustachio
D:5:      layout_basic
D:6:      layout_loops_ring, portal_sewer_entry_b, lemuel_flamethrower_2,
          uniq_prince_ribbit1
D:7:      layout_basic, minmay_temple_entry_gardened_gates,
          minmay_misc_feat_tiny, uniq_duvessa
D:8:      layout_loops_cross, minmay_holes, uniq_pikel, uniq_maurice
D:9:      layout_rooms, lair_entry_dummy, roderic_nine_men_s_morris
D:10:     layout_basic, david_orc_1_choice, roderic_serpentine_path
Temple:   mainiacjoe_temple_starburst

Skill      XL: |  1  2  3  4  5  6  7  8  9 10 |
---------------+-------------------------------+-----
Dodging        | 3 4 5 |  5.1
Fighting       | 3 4 |  4.9
Unarmed Combat | 3 4 |  4.9
Spellcasting   | 3 4 |  4.0
Translocations | 5 8 |  8.0
Air Magic      | 2 3 |  3.5
Transmutations | 4 6 |  6.3
Earth Magic    | 4 6 |  6.2
Throwing       | |  1.0

Action                   |  1- 3 |  4- 6 |  7- 9 | 10-12 || total
-------------------------+-------+-------+-------+-------++-------
Melee: Unarmed           |    92 |    91 |   305 |    94 ||   582
       Tentacles         |    21 |    23 |    84 |    25 ||   153
       Constrict         |    24 |    20 |    51 |    17 ||   112
       Punch             |     4 |     5 |    10 |     7 ||    26
Throw: Boomerang         |       |       |     9 |     1 ||    10
       Dart              |       |       |    12 |    17 ||    29
       Throwing net      |       |       |     1 |     1 ||     2
 Cast: Blink             |     1 |     1 |       |       ||     2
       Vhi's Electric Ch |       |       |    38 |    14 ||    52
       Manifold Assault  |       |       |     9 |       ||     9
Evoke: Wand              |       |       |     4 |    14 ||    18
  Use: Scroll            |     6 |     9 |     2 |     5 ||    22
       Potion            |       |     1 |       |       ||     1
 Stab: Sleeping          |     1 |     4 |     3 |       ||     8
       Paralysed         |       |       |    11 |     6 ||    17
       Distracted        |       |       |       |     2 ||     2
       Held in net/web   |       |       |       |     1 ||     1
Armor: Skin              |    12 |    76 |    76 |     7 ||   171
Dodge: Dodged            |    54 |    56 |   160 |    70 ||   340

Table legend: (Time is in decaauts)
 A = Elapsed time spent in this place.
 B = Non-inter-level travel time spent in this place.
 C = Inter-level travel time spent in this place.
 D = Time resting spent in this place.
 E = Time spent auto-exploring this place.
 F = Levels seen in this place.
 G = Mean time per level.
                   A        B        C        D        E       F      G
               +--------+--------+--------+--------+--------+-----+--------+
         Total |  12600 |  11215 |   1385 |   1152 |   7608 |  12 | 1050.0 |
       Dungeon |  11838 |  10507 |   1331 |   1126 |   7121 |  10 | 1183.8 |
        Temple |    231 |    177 |     54 |      0 |    169 |   1 |  231.0 |
         Sewer |    530 |    530 |      0 |     26 |    318 |   1 |  530.0 |
               +--------+--------+--------+--------+--------+-----+--------+

Top non-repeatable levels by time:
     D:8: 2026 daAuts
     D:5: 1841 daAuts
     D:6: 1462 daAuts
     D:2: 1343 daAuts
     D:4: 1240 daAuts
     D:3: 1210 daAuts
     D:9: 1019 daAuts
     D:1: 918 daAuts
     D:7: 732 daAuts
   Sewer: 530 daAuts
  Temple: 231 daAuts
    D:10: 44 daAuts
